Map: [ESL] Cosmic Sapphire

Players

SKillous

  • Race: Protoss Protoss
  • Spawn Location: 11:00

Elazer - Winner!

  • Race: Zerg Zerg
  • Spawn Location: 5:00

Event: DreamHack SC2 Masters 2022 Atlanta (Online)

VOD

Have the link to the VOD?

Description

Time

  • Played on: Oct. 11, 2022, 10:25 a.m.
  • Length: 12:26

All games in this series

Show
View Real Time Build Order
Export as new Build Order

SKillous Protoss 

Build Orders: Nexus First, Oracle Opening 

Get SALT Encoding   

  12  0:00  Probe  
  13  0:12  Probe  
  14  0:20  Pylon  
  14  0:24  Probe  
  15  0:38  Probe  
  16  0:50  Probe  
  17  0:57  Nexus  
  17  1:08  Gateway  
  17  1:10  Probe (Chrono Boost)  
  18  1:19  Probe (Chrono Boost)  
  18  1:20  Assimilator  
  18  1:24  Assimilator  
  18  1:25  Probe (Chrono Boost)  
  20  1:32  Pylon  
  20  1:37  Probe (Chrono Boost)  
  21  1:44  Probe (Chrono Boost)  
  22  1:51  Probe  
  23  1:55  Cybernetics Core  
  23  1:59  Zealot  
  25  2:06  Probe (Chrono Boost)  
  26  2:09  Probe (Chrono Boost)  
  28  2:18  Probe (Chrono Boost)  
  28  2:19  Probe (Chrono Boost)  
  29  2:23  Probe (Chrono Boost)  
  29  2:27  Probe  
  31  2:30  Sentry (Chrono Boost)  
  31  2:32  Warp Gate  
  31  2:35  Probe  
  34  2:39  Probe  
  34  2:41  Stargate  
  35  2:47  Adept, Probe  
  38  2:51  Probe  
  39  2:59  Probe  
  39  3:04  Probe  
  41  3:06  Pylon  
  41  3:11  Probe  
  42  3:16  Probe  
  43  3:23  Oracle (Chrono Boost)  
  43  3:24  Shield Battery  
  43  3:26  Nexus  
  46  3:27  Probe  
  46  3:30  Probe  
  48  3:36  Pylon  
  48  3:39  Probe  
  49  3:42  Probe, Assimilator  
  49  3:45  Assimilator  
  50  3:50  Oracle (Chrono Boost)  
  50  3:51  Probe  
  50  3:54  Probe  
  55  4:02  Twilight Council, Forge  
  55  4:04  Probe  
  55  4:06  Probe  
  57  4:16  Probe (Chrono Boost)  
  58  4:17  Gateway x2  
  58  4:19  Gateway  
  59  4:25  Probe (Chrono Boost), Stalker  
  61  4:34  Robotics Facility  
  61  4:35  Protoss Ground Weapons Level 1 (Chrono Boost), Probe (Chrono Boost)  
  63  4:40  Probe (Chrono Boost)  
  63  4:42  Probe (Chrono Boost)  
  63  4:45  Probe (Chrono Boost), Blink  
  65  4:51  Probe (Chrono Boost)  
  68  4:53  Probe x2 (Chrono Boost)  
  68  4:57  Stalker  
  68  4:58  Pylon  
  70  5:00  Probe  
  70  5:04  Probe x2  
  73  5:12  Probe  
  73  5:13  Stalker x2  
  75  5:16  Probe x2  
  75  5:17  Stalker  
  79  5:22  Observer  
  79  5:24  Probe  
  81  5:28  Probe x2  
  81  5:30  Robotics Bay  
  81  5:32  Stalker  
  85  5:36  Assimilator x2  
  85  5:37  Pylon  
  85  5:39  Pylon  
  85  5:48  Nexus  
  85  5:55  Immortal (Chrono Boost), Probe x2  
  91  5:57  Probe  
  91  5:58  Pylon  
  91  6:03  Gateway  
  92  6:06  Gateway  
  92  6:07  Probe, Photon Cannon  
  92  6:10  Probe  
  94  6:11  Pylon  
  94  6:16  Stalker  
  94  6:17  Stalker  
  99  6:23  Probe  
  100  6:27  Disruptor (Chrono Boost)  
  100  6:29  Shield Battery, Stalker x2  
  106  6:36  Protoss Ground Weapons Level 2 (Chrono Boost)  
  102  6:40  Probe  
  101  6:49  Stalker x2  
  102  6:57  Pylon  
  102  6:59  Pylon  
  94  7:01  Gateway x2  
  94  7:02  Probe (Chrono Boost)  
  94  7:04  Stalker x3  
  94  7:06  Probe x2 (Chrono Boost)  
  94  7:07  Probe (Chrono Boost)  
  101  7:14  Stalker  
  101  7:15  Zealot, Probe (Chrono Boost)  
  100  7:16  Disruptor  
  100  7:17  Probe x2 (Chrono Boost)  
  100  7:19  Probe (Chrono Boost)  
  100  7:22  Probe (Chrono Boost)  
  99  7:26  Probe (Chrono Boost)  
  99  7:27  Probe (Chrono Boost)  
  99  7:28  Templar Archives  
  99  7:29  Charge  
  101  7:34  Probe (Chrono Boost)  
  101  7:35  Probe x2 (Chrono Boost)  
  104  7:37  Shield Battery  
  104  7:43  Sentry x2  
  108  7:44  Disruptor, Probe x2, Pylon  
  108  7:45  Probe  
  111  7:53  Shield Battery, Probe  
  111  7:57  Stalker  
  111  7:58  Stalker  
  117  8:05  Probe  
  117  8:07  Stalker x3  
  117  8:08  Probe x2  
  117  8:09  High Templar x2  
  129  8:13  Archon  
  129  8:14  Probe  
  129  8:18  Probe  
  131  8:20  Probe  
  131  8:22  Pylon  
  131  8:25  Pylon x2  
  132  8:27  Pylon  
  132  8:30  Assimilator  
  132  8:31  Shield Battery, Assimilator  
  132  8:33  Pylon  
  132  8:40  Disruptor (Chrono Boost), Probe  
  132  8:41  Probe  
  137  8:45  Pylon  
  137  8:48  Pylon  
  137  8:50  High Templar x2  
  137  8:51  Zealot x5  
  137  8:52  Zealot  
  137  8:54  Pylon  
  137  8:55  Archon  
  153  9:01  Probe  
  154  9:04  Gateway  
  154  9:06  Gateway  
  154  9:09  Shield Battery  
  154  9:10  Disruptor (Chrono Boost)  
  154  9:15  Gateway  
  154  9:16  Gateway  
  157  9:18  High Templar x3  
  157  9:19  High Templar  
  165  9:25  Archon x2  
  165  9:28  Photon Cannon  
  165  9:31  Photon Cannon  
  165  9:33  Photon Cannon  
  165  9:34  Shield Battery  
  162  9:50  Stalker  
  162  9:51  Stalker x4  
  162  9:52  Probe x3  
  165  9:53  Probe  
  166  10:04  Probe x3  
  166  10:06  Stargate  
  169  10:07  Stargate  
  169  10:08  Stargate  
  169  10:12  Assimilator, Pylon x2  
  169  10:13  Pylon  
  136  10:30  Stalker x6  
  118  10:44  Stalker x2  
  118  10:45  Probe (Chrono Boost)  
  113  10:51  Probe (Chrono Boost)  
  113  10:56  Probe (Chrono Boost)  
  106  10:57  Probe (Chrono Boost)  
  106  11:01  Probe (Chrono Boost)  
  106  11:02  Phoenix x3 (Chrono Boost)  
  106  11:03  Probe (Chrono Boost)  
  115  11:06  Probe (Chrono Boost)  
  115  11:10  Pylon  
  115  11:16  Probe (Chrono Boost)  
  115  11:17  High Templar x2  
  115  11:18  Pylon  
  118  11:21  Archon  
  118  11:22  Phoenix  
  120  11:26  Stalker  
  120  11:28  Probe  
  120  11:32  Phoenix  
  125  11:34  Shield Battery  
  122  11:46  Probe x2  
  120  11:49  Stalker x2  
  99  12:01  Stalker x3  
  99  12:06  Probe x3  
Show
View Real Time Build Order
Export as new Build Order

Elazer Zerg - Winner!

Build Orders: Hatch First 

Get SALT Encoding   

  12  0:00  Drone  
  13  0:12  Overlord  
  13  0:16  Drone  
  14  0:30  Drone x2  
  16  0:48  Hatchery  
  15  0:51  Drone  
  15  0:54  Drone  
  17  0:58  Drone  
  18  1:08  Extractor  
  17  1:13  Spawning Pool  
  17  1:16  Drone  
  17  1:20  Drone  
  18  1:28  Drone  
  19  1:38  Drone  
  20  1:49  Drone  
  21  1:59  Queen  
  21  2:00  Zergling x2, Queen  
  26  2:02  Overlord  
  26  2:11  Drone x2  
  26  2:13  Metabolic Boost  
  28  2:21  Drone  
  28  2:22  Drone  
  30  2:33  Hatchery  
  30  2:35  Drone  
  30  2:40  Queen  
  32  2:45  Overlord  
  32  2:48  Drone  
  32  2:51  Drone  
  34  2:58  Drone x2  
  36  3:04  Queen  
  36  3:05  Overlord  
  38  3:08  Drone x2  
  38  3:10  Drone  
  38  3:12  Drone  
  42  3:15  Drone  
  43  3:22  Drone  
  43  3:26  Queen  
  46  3:30  Overlord  
  46  3:31  Drone  
  47  3:38  Drone x2  
  47  3:40  Drone x3  
  52  3:44  Queen  
  52  3:48  Drone x2  
  56  3:53  Overlord  
  56  3:56  Drone  
  56  4:01  Spore Crawler, Drone x3  
  59  4:04  Overlord  
  59  4:05  Queen  
  59  4:08  Drone x2  
  63  4:13  Overlord  
  63  4:14  Drone x3  
  66  4:20  Drone x2, Overlord  
  68  4:24  Overlord  
  68  4:35  Queen  
  68  4:36  Hatchery  
  68  4:38  Zergling x10  
  74  4:51  Drone x6  
  74  4:52  Drone x5  
  82  4:53  Lair  
  82  4:58  Overlord  
  82  5:00  Drone, Extractor  
  82  5:03  Evolution Chamber  
  82  5:04  Drone  
  82  5:09  Drone x4  
  82  5:12  Extractor  
  82  5:13  Extractor  
  84  5:16  Drone x3  
  84  5:19  Overlord  
  87  5:25  Drone x5  
  87  5:27  Hatchery  
  87  5:28  Overlord  
  88  5:29  Zerg Melee Weapons Level 1  
  88  5:33  Roach Warren  
  88  5:35  Zergling x6  
  90  5:37  Zergling x4  
  92  5:45  Zergling x16  
  99  5:52  Zergling x6  
  99  5:56  Queen  
  104  5:57  Overlord  
  104  6:00  Zergling x4  
  105  6:06  Zergling x8  
  109  6:13  Overlord  
  109  6:15  Glial Reconstitution, Overlord  
  109  6:18  Baneling Nest, Overlord  
  108  6:21  Zergling x22  
  119  6:26  Overlord  
  119  6:31  Zergling x2  
  120  6:37  Zergling x12  
  124  6:41  Zergling x2  
  124  6:42  Zergling x6  
  126  6:48  Zergling x8  
  126  6:51  Overlord  
  125  6:57  Roach x3  
  125  7:00  Roach x5  
  135  7:08  Zergling x14  
  138  7:15  Zergling x14  
  136  7:20  Zergling x2  
  136  7:21  Centrifugal Hooks  
  127  7:24  Zerg Melee Weapons Level 2, Extractor  
  127  7:25  Spire  
  127  7:26  Drone x7  
  127  7:27  Extractor x2  
  127  7:29  Drone  
  133  7:30  Drone x3  
  133  7:37  Overlord  
  133  7:38  Drone x5  
  133  7:43  Overlord  
  138  7:45  Drone x3  
  138  7:46  Extractor  
  137  7:59  Zergling x30  
  139  8:22  Zergling x20  
  149  8:37  Mutalisk  
  149  8:38  Mutalisk x14  
  149  8:40  Zerg Flyer Weapons Level 1, Hatchery  
  178  8:43  Mutalisk  
  178  8:45  Mutalisk  
  178  8:47  Zergling x10  
  187  8:58  Roach  
  187  8:59  Roach x5  
  199  9:11  Baneling  
  199  9:12  Baneling x7  
  199  9:14  Baneling x12  
  199  9:29  Baneling x9  
  199  9:30  Baneling x4  
  198  9:41  Baneling x10  
  196  9:45  Zerg Missile Weapons Level 1  
  191  9:55  Baneling x8  
  189  10:00  Zergling x20  
  199  10:07  Spore Crawler, Spine Crawler  
  199  10:08  Drone x3, Spine Crawler x3  
  167  10:29  Roach x17  
  167  10:31  Zergling x2  
  167  10:32  Zergling x4  
  191  10:37  Zergling x32  
  190  10:43  Zergling x24  
  190  10:48  Zergling x14, Infestation Pit  
  196  10:56  Mutalisk x8  
  195  10:58  Overseer  
  195  11:07  Zergling x2  
  195  11:08  Zergling x6  
  199  11:14  Baneling x14  
  199  11:28  Baneling x12  
  195  11:33  Baneling x4  
  191  11:45  Zergling x50  
  191  11:46  Zergling x4  
  199  11:53  Zergling x14  
  197  11:57  Zergling x16  
  195  12:04  Zergling x10  
Tags
 
Add a new tag
Caveats
  • Supply blocks, unpowered buildings, or Contaminate may cause inaccurate times.
  • Supply counts are checked every 10 seconds.